 Dungeon Crawl Stone Soup version 0.28-a0-1212-gc6b4282bc0 (webtiles) character file.

Game seed: 11469822900330530492

1068 Lekart the Cutter (level 8, -7/69 HPs)
             Began as a Green Draconian Chaos Knight on Dec 21, 2021.
             Was a Plaything of Xom.
             Mangled by a gnoll (15 damage)
             ... on level 6 of the Dungeon.
             The game lasted 00:11:26 (6416 turns).

Lekart the Cutter (Green Draconian Chaos Knight)    Turns: 6416, Time: 00:11:27

Health: -7/69      AC:  6    Str: 14    XL:     8   Next: 7%
Magic:  8/8        EV: 14    Int: 14    God:    Xom [.*....]
Gold:   190        SH:  0    Dex: 16    Spells: 7/7 levels left

rFire   . . .      SeeInvis .   d - +2 dagger (venom)
rCold   . . .      Faith    .   (no shield)
rNeg    . . .      Spirit   .   (armour unavailable)
rPois   +          Reflect  .   (helmet restricted)
rElec   .          Harm     .   (no cloak)
rCorr   .          Rampage  .   (no gloves)
Will    .....                   (no boots)
Stlth   +.........              (no amulet)
HPRegen 0.21/turn               j - +6 ring of dexterity
MPRegen 0.11/turn               (no ring)

@: about to teleport
A: breathe noxious fumes, AC +6, unfitting armour, poison resistance,
cold-blooded, clumsy 1
a: Breathe Noxious Fumes, Renounce Religion


You were on level 6 of the Dungeon.
You worshipped Xom.
You were a plaything of Xom.
You visited 1 branch of the dungeon, and saw 6 of its levels.

You collected 190 gold pieces.

Inventory:

Hand Weapons
 a - a +0 hand axe of chaos
 d - a +2 dagger of venom (weapon)
 h - a +2 falchion of holy wrath
Missiles
 l - 13 poisoned darts (quivered)
Jewellery
 c - a ring of ice
 g - a +6 ring of intelligence
 j - a +6 ring of dexterity (left hand)
Wands
 k - a wand of iceblast (2)
Scrolls
 b - a scroll of identify
 o - a scroll of teleportation
Potions
 e - a potion of curing
 f - 2 potions of attraction
 i - 2 potions of magic
 m - a potion of flight


   Skills:
 + Level 5.4 Fighting
 + Level 5.7 Short Blades
 + Level 4.4 Axes
 + Level 0.6 Throwing
 + Level 4.9 Dodging
 + Level 0.6 Evocations


You had 7 spell levels left.
You didn't know any spells.
Your spell library contained the following spells:

 Spells                   Type           Power      Damage    Failure   Level
 Ensorcelled Hibernation  Hex/Ice        0%         N/A       41%         2
 Dazzling Flash           Conj/Hex       0%         N/A       65%         3
 Gell's Gravitas          Tloc           0%         N/A       65%         3
 Lesser Beckoning         Tloc           0%         N/A       65%         3
 Teleport Other           Tloc           0%         N/A       65%         3
 Tukima's Dance           Hex            0%         N/A       65%         3
 Agony                    Necr           0%         N/A       100%        5
 Silence                  Hex/Air        0%         N/A       100%        5
 Dispersal                Tloc           0%         N/A       100%        6


Dungeon Overview and Level Annotations

Branches:
Dungeon (6/15)
 Temple: D:4-7

Altars:
Ashenzari
Kikubaaqudgha
Okawaru
Ru
Trog
Uskayaw
Xom

Shops:
D:5 :

Annotations:
D:5 2 transporters
D:6 Menkaure


Innate Abilities, Weirdness & Mutations

You can breathe blasts of noxious fumes.
Your lurid green scales are hard. (AC +6)
You cannot fit into any form of body armour.
Your system is resistant to poisons. (rPois)
You are cold-blooded and may be slowed by cold attacks.
You are clumsy. (Dex -2)


Message History

Menkaure hits you!
You hear a shout!
You are too injured to fight recklessly!
You are too injured to fight recklessly!
You feel better. Menkaure hits you.
You are too injured to fight recklessly!
You are too injured to fight recklessly!
You are too injured to fight recklessly!
You are too injured to fight recklessly!
You hit Menkaure but do no damage. You tail-slap Menkaure.
Menkaure is lightly damaged.
Menkaure points at you and mumbles some strange words.
Pain shoots through your body!
You hit Menkaure.
Menkaure is lightly damaged.
You hit Menkaure.
Menkaure is lightly damaged.
Menkaure calls on the powers of darkness!
The gnoll convulses!
Your body is wracked with pain!
* * * LOW HITPOINT WARNING * * *
A gnoll shaman comes into view. It is wielding a +0 whip.
You barely miss Menkaure. You tail-slap Menkaure.
Menkaure is moderately damaged.
Menkaure barely misses you.
The gnoll shaman calls upon its god to heal the gnoll.
The gnoll's wounds heal themselves!
You hear a shout!
As you read the scroll of teleportation, it crumbles to dust.
You feel strangely unstable.
Menkaure rustles, "It doesn't hurt if you pull your brain out of your nose yourself."
Menkaure closely misses you.
The gnoll shaman calls upon its god to heal something.
Xom decides to rearrange the pieces.
You swap places with the gnoll shaman. 3 gnolls come into view.
Found 14 stones.
Menkaure hits you!
* * * LOW HITPOINT WARNING * * *
The gnoll hits you from afar with a +0 halberd!
You die...
Xom roars with laughter!

##.#.###
#.######.≈.##.#
#...#####.##
#.≈.#
###.........#
#.).#
.......###.##
#...# ######.#
### #?#.# #.#
#.#.# ## #.#
#g#.# .# #.#
########M#.# .#
#(.
....ggg@g.(# .#
#.#
#######....#
.## #.# #....#
..####.# #....#
.......# #....#
..####. #..#_#
.....# #..#.#
.###...# #..#.#
.# ###


You could see Menkaure (fast), a gnoll shaman and 4 gnolls.

Vanquished Creatures
  Grinder (D:4)
  2 ogres
  2 phantoms
  A scorpion (D:3)
  A water moccasin skeleton (D:5)
  A centaur zombie (D:6)
  2 hounds
  A jelly (D:4)
  2 orc priests
  4 orc wizards
  5 adders
  A shadow imp (D:5)
  An ufetubus (D:6)
  2 worms
  4 dart slugs
  10 orcs
  5 ball pythons
  4 endoplasms
  5 giant cockroaches
  7 hobgoblins
  7 kobolds
  3 quokkas
  6 bats
  6 frilled lizards
  2 goblins
  7 rats
92 creatures vanquished.

Vanquished Creatures (others)
  A phantom (D:4)
  4 fungi (D:6)
5 creatures vanquished.

Grand Total: 97 creatures vanquished

Notes
Turn   | Place    | Note
-------+----------+-------------------------------------------
     0 | D:1      | Lekart the Draconian Chaos Knight began the quest for the
                  | Orb.
     0 | D:1      | Reached XP level 1. HP: 19/19 MP: 1/1
    29 | D:1      | XOM: divination: detect items
    91 | D:1      | XOM: silly message
   265 | D:1      | XOM: silly message
   297 | D:1      | Reached XP level 2. HP: 26/26 MP: 2/2
   498 | D:1      | XOM: divination: detect creatures
  1192 | D:1      | Reached XP level 3. HP: 33/33 MP: 3/3
  1201 | D:1      | XOM: silly message
  1335 | D:2      | XOM: divination: magic mapping
  1350 | D:2      | XOM: enchant monster (good)
  1570 | D:1      | Reached XP level 4. HP: 35/40 MP: 4/4
  1779 | D:2      | XOM: potion effect (curing)
  1859 | D:1      | XOM: silly message
  1908 | D:1      | Reached skill level 1 in Short Blades
  1908 | D:1      | Reached XP level 5. HP: 15/46 MP: 5/5
  2468 | D:2      | Found an ancient bone altar of Kikubaaqudgha.
  2859 | D:2      | Found a faded altar of an unknown god.
  3068 | D:3      | XOM: 2-stop teleportation journey
  3552 | D:3      | Reached XP level 6. HP: 44/53 MP: 6/6
  3641 | D:3      | XOM: silly message
  4010 | D:3      | XOM is BORED!
  4010 | D:3      | XOM: silly message
  4125 | D:4      | XOM: silly message
  4139 | D:4      | XOM: summons friendly white imp
  4142 | D:4      | XOM: divine lightning
  4955 | D:4      | Noticed Grinder
  4971 | D:4      | XOM: scenery: create altars
  4976 | D:4      | Paralysed by Grinder for 6 turns
  4988 | D:4      | Paralysed by Grinder for 2 turns
  4990 | D:4      | Killed Grinder
  4991 | D:4      | Your scales start taking on a lurid green colour.
  4991 | D:4      | Reached XP level 7. HP: 40/60 MP: 7/7
  4991 | D:4      | Gained mutation: Your system is resistant to poisons.
                  | (rPois) [Green Draconian growth]
  5205 | D:4      | XOM: give mutation
  5205 | D:4      | Gained mutation: You are clumsy. (Dex -2) [Xom's mischief]
  5290 | D:5      | Entered Level 5 of the Dungeon
  5315 | D:5      | Found a hide-covered altar of Uskayaw.
  5335 | D:5      | Reached skill level 5 in Fighting
  5460 | D:5      | Found a bloodstained altar of Trog.
  5475 | D:5      | XOM: 3-stop teleportation journey
  5495 | D:5      | Found Aveocase's Book Shoppe.
  5567 | D:5      | Found a transporter.
  5585 | D:5      | Found a transporter.
  5674 | D:5      | Reached skill level 5 in Short Blades
  5880 | D:5      | Found a broken altar of Ashenzari.
  6044 | D:5      | Found a sacrificial altar of Ru.
  6200 | D:6      | Reached XP level 8. HP: 68/68 MP: 8/8
  6223 | D:6      | XOM: enchant monster (good)
  6245 | D:6      | XOM: confuse monster(s)
  6402 | D:6      | Noticed Menkaure
  6403 | D:6      | Found an iron altar of Okawaru.
  6407 | D:6      | XOM: repel stairs
  6416 | D:6      | XOM: swap monsters
  6416 | D:6      | Mangled by a gnoll

Illustrated notes

Levels and vault maps discovered:
D:1:      minmay_arrival_open_corners, layout_basic, wad_floor_pattern_untrapped
D:2:      wad_crossroads, layout_rooms, basic_altar,
          shapermc_ecumenical_altar_hornbeckon, small_statue_intersection
D:3:      layout_loops_corners, serial_rivers, chequers_serial_rivers_small_3,
          chequers_serial_rivers_marsh, chequers_serial_rivers_small_b,
          chequers_serial_rivers_micro_e, grunt_decor_mini_mirrors,
          kennysheep_generic_room_13
D:4:      layout_cave_pools, uniq_grinder
D:5:      gammafunk_wand_slinger, layout_rooms, kennysheep_little_box,
          cheibrodos_ashenzari_chains, nicolae_ru_the_path_less_chosen,
          eat_drink_and_be_merry_uskayaw, serial_shops,
          nicolae_shop_statue_plus, roderic_filled_cross
D:6:      layout_loops_ring, mainiacjoe_overflow_boulevard, fedhas_altar_3,
          uniq_menkaure

Skill      XL: |  1  2  3  4  5  6  7 |
---------------+----------------------+-----
Fighting       | 4 5 |  5.4
Axes           | 4 |  4.4
Dodging        | 3 4 |  4.9
Short Blades   | 1 2 4 5 |  5.7
Throwing       | |  0.6
Evocations     | |  0.6

Action                   |  1- 3 |  4- 6 |  7- 9 || total
-------------------------+-------+-------+-------++-------
Melee: Hand axe          |    46 |       |       ||    46
       Tailslap          |     7 |    15 |    26 ||    48
       Dagger            |    37 |   166 |   123 ||   326
Throw: Dart              |       |       |     9 ||     9
 Abil: Breathe Noxious F |       |       |     1 ||     1
Evoke: Wand              |       |     3 |     1 ||     4
  Use: Scroll            |       |     4 |     3 ||     7
       Potion            |       |     3 |     1 ||     4
 Stab: Sleeping          |     1 |     2 |       ||     3
       Confused          |       |       |     2 ||     2
Armor: Skin              |    23 |    44 |    23 ||    90
Dodge: Dodged            |    44 |    79 |    66 ||   189

Table legend: (Time is in decaauts)
 A = Elapsed time spent in this place.
 B = Non-inter-level travel time spent in this place.
 C = Inter-level travel time spent in this place.
 D = Time resting spent in this place.
 E = Time spent auto-exploring this place.
 F = Levels seen in this place.
 G = Mean time per level.
                   A        B        C        D        E       F      G
               +--------+--------+--------+--------+--------+-----+--------+
         Total |   6401 |   6169 |    232 |   1342 |   3831 |   6 | 1066.8 |
       Dungeon |   6401 |   6169 |    232 |   1342 |   3831 |   6 | 1066.8 |
               +--------+--------+--------+--------+--------+-----+--------+

Top non-repeatable levels by time:
     D:1: 1837 daAuts
     D:3: 1530 daAuts
     D:2: 1062 daAuts
     D:4: 879 daAuts
     D:5: 807 daAuts
     D:6: 284 daAuts
